 Dungeon Crawl Stone Soup version 0.24.1 (webtiles) character file.

Game seed: 12038523991095470402, levelgen mode: deterministic

23321 nightchill the Basher (level 13, -2/83 HPs)
             Began as a Gargoyle Earth Elementalist on Mar 23, 2020.
             Was a Believer of Vehumet.
             Slain by a komodo dragon (20 damage)
             ... on level 4 of the Lair of Beasts on Mar 24, 2020.
             The game lasted 01:02:42 (21245 turns).

nightchill the Basher (GrEE)                       Turns: 21245, Time: 01:02:42

Health: -2/83      AC: 18    Str: 22    XL:     13   Next: 6%
Magic:  23/23      EV: 12    Int: 23    God:    Vehumet [**....]
Gold:   766        SH:  0    Dex: 15    Spells: 15/26 levels left

rFire    . . .     SeeInvis .   a - +1 dire flail
rCold    . . .     Gourm    .   (shield currently unavailable)
rNeg     + . .     Faith    .   K - +0 robe "Gufasmai" {Int+6}
rPois    ∞         Spirit   .   k - +0 helmet
rElec    +         Reflect  .   B - +0 cloak
rCorr    .         Harm     .   u - +2 pair of gloves {Dex+3}
MR       +....                  t - +1 pair of boots
Stlth    ++........             o - amulet of rage
HPRegen  0.23/turn              e - ring "Coyjaw" {MR+ Str+6 Dex+2}
MPRegen  0.18/turn              (no ring)

@: slowed, very slow
A: negative energy resistance 1, electricity resistance, unbreathing,
petrification resistance, rot immunity, AC +9
a: Renounce Religion, Evoke Berserk Rage


You were on level 4 of the Lair of Beasts.
You worshipped Vehumet.
Vehumet was pleased with you.
You were not hungry.

You visited 3 branches of the dungeon, and saw 15 of its levels.

You collected 766 gold pieces.

Inventory:

Hand Weapons
 a - a +1 dire flail (weapon)
 j - a +0 hunting sling
 O - a +2 dagger of venom
Missiles
 v - 164 sling bullets
 y - 55 stones (quivered)
 N - a throwing net
Armour
 c - a +0 robe
 k - a +0 helmet (worn)
 t - a +1 pair of boots (worn)
 u - a +2 pair of gloves of dexterity (worn)
 B - a +0 cloak (worn)
 K - the +0 robe "Gufasmai" (worn) {Int+6}
   (You found it on level 7 of the Dungeon)

   It affects your intelligence (+6).
Magical Staves
 b - an uncursed staff of conjuration
Jewellery
 e - the ring "Coyjaw" (left hand) {MR+ Str+6 Dex+2}
   (You found it on level 6 of the Dungeon)

   [ring of dexterity]

   It affects your strength (+6).
   It affects your dexterity (+2).
   It affects your resistance to hostile enchantments.
 o - an amulet of rage (around neck)
Wands
 q - a wand of polymorph (10)
 s - a wand of random effects (37)
 H - a wand of iceblast (11)
 L - a wand of acid (7)
 M - a wand of enslavement (8)
 P - a wand of disintegration (11)
Scrolls
 f - a scroll of enchant armour
 g - 3 scrolls of teleportation
 m - 6 scrolls of amnesia {unknown}
 n - 2 scrolls of enchant weapon
 w - 6 scrolls of blinking {unknown}
 x - a scroll of noise
 E - 2 scrolls of magic mapping {unknown}
 F - 2 scrolls of immolation {unknown}
 G - 5 scrolls of remove curse
 I - 2 scrolls of fear {unknown}
 R - a scroll of acquirement
Potions
 i - a potion of might
 l - 11 potions of curing
 p - a potion of flight
 z - 2 potions of brilliance
 A - a potion of mutation
 C - 2 potions of haste
 D - a potion of invisibility
 Q - 5 potions of agility
Miscellaneous
 J - a lightning rod (4/4)
Comestibles
 d - 17 rations


   Skills:
 + Level 10.6 Fighting
 * Level 13.2 Maces & Flails
 - Level 1.5 Dodging
 - Level 2.1 Stealth
 - Level 7.0 Spellcasting
 + Level 4.9 Conjurations
 - Level 0.7 Transmutations
 + Level 12.8 Earth Magic


You had 15 spell levels left.
You knew the following spells:

 Your Spells              Type           Power        Failure   Level  Hunger
a - Sandblast             Erth           ######       1%          1    None
b - Passwall              Tmut/Erth      #####...     1%          2    None
c - Lee's Rapid Deconstr  Erth           ######....   1%          5    #####..
d - Stone Arrow           Conj/Erth      #####.       1%          3    None

Your spell library contained the following spells:

 Spells                   Type           Power        Failure   Level  Hunger
 Magic Dart               Conj           ####         1%          1    None
 Shock                    Conj/Air       ###.         2%          1    None
 Petrify                  Tmut/Erth      #####...     4%          4    ###....
 Confusing Touch          Hex            #.....       8%          1    None
 Corona                   Hex            #......      8%          1    None
 Dazzling Spray           Conj/Hex       ###...       9%          3    None
 Static Discharge         Conj/Air       ###.....     9%          3    None
 Ensorcelled Hibernation  Hex/Ice        #.....       12%         2    None
 Swiftness                Chrm/Air       #.......     12%         2    None
 Confuse                  Hex            #.......     22%         3    None
 Gell's Gravitas          Tloc           #.........   22%         3    None
 Tukima's Dance           Hex            #.......     22%         3    None
 Airstrike                Air            #.........   58%         4    ###....
 Lightning Bolt           Conj/Air       ###.......   61%         5    #####..
 Yara's Violent Unravell  Hex/Tmut       #.........   88%         5    #####..
 Metabolic Englaciation   Hex/Ice        #.........   91%         5    #####..


Dungeon Overview and Level Annotations

Branches:
Dungeon (9/15)             Temple (1/1) D:5            Lair (5/6) D:8
 Shoals (0/4) Lair:2        Snake (0/4) Lair:2
  Slime: Lair:5-6       Orc: D:9-12

Altars:
Ashenzari
Cheibriados
Dithmenos
Elyvilon
Fedhas
Gozag
Hepliaklqana
Kikubaaqudgha
Makhleb
Nemelex Xobeh
Okawaru
Qazlal
Ru
Sif Muna
Trog
Uskayaw
Vehumet
Wu Jian
Xom
Yredelemnul
Zin
The Shining One

Shops:
D:4 [*:%   D:5 %   D:6 *   D:7 (

Annotations:
D:3 exclusion: downstairs
D:4 exclusion: downstairs
D:6 2 runed translucent doors, greedy's ghost, novice DsAr
D:7 exclusion: downstairs
D:8 2 transporters, CannibalFerox's ghost, novice DgHu
Lair:1 exclusion: 3 downstairs
Lair:3 exclusion: 3 oklob plants


Innate Abilities, Weirdness & Mutations

You are resistant to torment.
Your stone body is resilient. (AC +9)
You are immune to poison.
You resist negative energy. (rN+)
You are resistant to electric shocks. (rElec)
You can survive without breathing.
You are immune to petrification.
You are immune to rotting.


Message History

Confirm with . or Enter, or press ? or * to list all spells.
Aiming: Passwall (safe; 1% risk of failure)
Press: ? - help, Dir - move target cursor, p - wraith You can't see that place.
Okay, then.
You feel much better.
Your surroundings suddenly seem different.
Found a ration.
The komodo dragon hisses angrily.
You hear a bellow!
Found a dagger.
The death yak bellows!
You hear a bellow!
You impale the komodo dragon!!
The komodo dragon is heavily wounded.
The komodo dragon bites you!
* * * LOW HITPOINT WARNING * * *
You barely miss the komodo dragon.
The komodo dragon is heavily wounded.
The komodo dragon bites you but does no damage.
The komodo dragon bites you!!
You die...

#>........ .P...
#......... .P...
####........P .....
#####..#.........
.#...
#P...........Y...
.....
##................
. ...
##........Y..Y.....
...
#........Y<........
#.......@lY........
#..................
#..................
#................
#................
#.............)..
#..%.....###....#
###....#.# .###
#..##.## #


You could see 5 death yaks and a komodo dragon.

Vanquished Creatures
  Josephine (Lair:4)
  4 hydras
  Erica (D:9)
  A cyclops (D:9)
  A faun (Lair:2)
  A merfolk siren (Lair:2)
  4 black mambas
  Psyche (D:8)
  Joseph (D:9)
  6 spiny frogs
  A komodo dragon (Lair:5)
  4 rime drakes
  A troll (D:8)
  A polar bear (Lair:3)
  9 blink frogs
  2 hippogriffs
  4 wraiths (Lair:4)
  19 yaks
  2 steam dragons (D:9)
  3 basilisks
  Menkaure (D:7)
  8 water moccasins
  2 black bears (D:8)
  4 ice beasts
  8 porcupines
  2 orc warriors
  2 sky beasts
  2 phantoms
  5 ogres
  A wolf (Lair:1)
  A boggart (D:8)
  2 centaurs
  6 crocodiles
  18 bullfrogs
  3 scorpions
  5 wights (D:7)
  A howler monkey (D:3)
  A centaur zombie (D:5)
  2 hounds
  4 orc priests (D:5)
  5 orc wizards
  A bullfrog skeleton (D:7)
  2 centaur skeletons
  Jessica (D:2)
  An iguana (D:9)
  11 worker ants
  A killer bee zombie (D:6)
  2 hound zombies
  A hound skeleton (D:4)
  A mummy (D:7)
  3 worker ant zombies
  17 adders
  6 gnolls
  A shadow imp (D:9)
  An ooze (D:7)
  An adder zombie (D:5)
  An adder skeleton (D:4)
  2 worms (D:4)
  3 dart slugs
  5 leopard geckos
  21 orcs
  A ball python (D:5)
  3 giant cockroaches
  8 goblins
  9 hobgoblins
  23 jackals
  3 quokkas
  12 bats
  4 frilled lizards
  3 kobolds
  6 rats
  A plant (Lair:3)
305 creatures vanquished.

Vanquished Creatures (others)
  28 fungi
  17 plants
45 creatures vanquished.

Grand Total: 350 creatures vanquished

Notes
Turn   | Place    | Note
-------+----------+-------------------------------------------
     0 | D:1      | nightchill the Gargoyle Earth Elementalist began the quest
                  | for the Orb.
     0 | D:1      | Reached XP level 1. HP: 10/10 MP: 3/3
   359 | D:1      | Reached XP level 2. HP: 16/16 MP: 5/5
   411 | D:1      | Reached skill level 1 in Maces & Flails
   857 | D:1      | Reached skill level 1 in Fighting
  1028 | D:1      | Reached XP level 3. HP: 14/20 MP: 6/6
  1293 | D:1      | Learned a level 2 spell: Passwall
  1976 | D:2      | Reached skill level 2 in Maces & Flails
  1976 | D:2      | Reached XP level 4. HP: 21/25 MP: 4/7
  2294 | D:2      | Noticed Jessica
  2295 | D:2      | Killed Jessica
  2479 | D:2      | Reached skill level 5 in Earth Magic
  3020 | D:3      | Reached XP level 5. HP: 20/30 MP: 6/8
  3878 | D:3      | Reached skill level 3 in Maces & Flails
  4412 | D:4      | Reached XP level 6. HP: 17/36 MP: 0/9
  4583 | D:4      | Found Boseo's Armour Shoppe.
  4691 | D:3      | Learned a level 5 spell: Lee's Rapid Deconstruction
  5342 | D:4      | Reached skill level 4 in Maces & Flails
  5392 | D:4      | Noticed a sky beast
  5421 | D:4      | Killed a sky beast
  5421 | D:4      | Reached XP level 7. HP: 32/41 MP: 3/10
  5522 | D:4      | Found Oreic's Food Shop.
  5561 | D:4      | Found Ribettav's General Store.
  5722 | D:4      | Found Ollono Utab's Book Emporium.
  6083 | D:5      | Entered Level 5 of the Dungeon
  6346 | D:5      | Reached skill level 5 in Maces & Flails
  6886 | D:5      | Reached XP level 8. HP: 45/48 MP: 8/11
  7068 | D:5      | Found Usistror's Food Shop.
  7207 | D:5      | Found a staircase to the Ecumenical Temple.
  7228 | D:5      | Got a shimmering ring mail
  7236 | D:5      | Identified the cursed +1 ring mail of Midsummer {rN+ Str-2
                  | Int+4} (You found it on level 5 of the Dungeon)
  7245 | Temple   | Entered the Ecumenical Temple
  7764 | D:6      | Got a transparent steel ring
  7773 | D:6      | Found Xuqiheah's General Store.
  7871 | D:6      | Reached skill level 6 in Maces & Flails
  8050 | D:6      | Identified the ring "Coyjaw" {MR+ Str+6 Dex+2} (You found
                  | it on level 6 of the Dungeon)
  8156 | D:6      | Reached skill level 5 in Fighting
  8305 | D:6      | Found a shimmering altar of Xom.
  8366 | D:6      | Found a large runed translucent door.
  8366 | D:6      | Found a large runed translucent door.
  8372 | D:6      | Found an opulent altar of Gozag.
  8443 | D:6      | Found a sacrificial altar of Ru.
  8656 | D:6      | Noticed greedy's ghost (novice DsAr)
  8707 | D:7      | Found Teve's Weapon Shop.
  8766 | D:7      | Reached XP level 9. HP: 38/54 MP: 13/13
  8879 | D:7      | Reached skill level 7 in Maces & Flails
  9373 | D:7      | Got a steaming robe
  9384 | D:7      | Identified the +0 robe "Gufasmai" {Int+6} (You found it on
                  | level 7 of the Dungeon)
  9480 | D:7      | Noticed Menkaure
  9487 | D:7      | Killed Menkaure
  9939 | D:7      | Found a snail-covered altar of Cheibriados.
 10270 | D:8      | Found a bloodstained altar of Trog.
 10273 | D:8      | Noticed Maurice
 10280 | D:7      | Reached skill level 8 in Maces & Flails
 10396 | D:8      | Noticed Maurice
 10396 | D:8      | Maurice changed into Maurice the boggart
 10403 | D:8      | Killed Maurice the boggart
 10738 | D:8      | Reached XP level 10. HP: 57/61 MP: 5/16
 10917 | D:8      | Found a staircase to the Lair.
 10945 | D:8      | Reached skill level 9 in Maces & Flails
 11135 | D:8      | Noticed a moth of wrath
 11137 | D:8      | Noticed CannibalFerox's ghost (novice DgHu)
 11138 | D:8      | Found a transporter.
 11138 | D:8      | Found a bloodstained altar of Trog.
 11153 | D:8      | Found a transporter.
 11203 | D:8      | Noticed Psyche
 11207 | D:8      | Killed Psyche
 11207 | D:8      | Reached skill level 10 in Earth Magic
 11225 | D:8      | Reached skill level 5 in Spellcasting
 11808 | D:9      | Noticed Erica
 11819 | D:9      | Killed Erica
 12309 | D:9      | Noticed a cyclops
 12314 | D:9      | Killed a cyclops
 12314 | D:9      | Reached skill level 10 in Maces & Flails
 12408 | D:9      | Found a transporter.
 12424 | D:9      | Found a transporter.
 12606 | D:9      | Noticed Joseph
 12616 | D:9      | Killed Joseph
 12869 | D:9      | Noticed a four-headed hydra
 12870 | D:9      | Found an iron altar of Okawaru.
 12871 | D:9      | Found a white marble altar of Elyvilon.
 12872 | D:9      | Found a radiant altar of Vehumet.
 12937 | D:9      | Became a worshipper of Vehumet
 12956 | D:9      | Killed a four-headed hydra
 12956 | D:9      | Reached XP level 11. HP: 20/68 MP: 7/19
 13147 | Lair:1   | Entered Level 1 of the Lair of Beasts
 13409 | Lair:1   | Learned a level 3 spell: Stone Arrow
 14626 | Lair:1   | Reached skill level 11 in Maces & Flails
 15125 | Lair:2   | Noticed an eight-headed hydra
 15129 | Lair:2   | Noticed an ice dragon
 15129 | Lair:2   | an eight-headed hydra changed into an ice dragon
 15653 | Lair:2   | Reached * piety under Vehumet
 15653 | Lair:2   | Offered knowledge of Freeze by Vehumet.
 16140 | Lair:2   | Noticed a faun
 16140 | Lair:2   | an ice dragon changed into a faun
 16142 | Lair:2   | Found a staircase to the Snake Pit.
 16147 | Lair:2   | Killed a faun
 16719 | Lair:2   | Reached XP level 12. HP: 33/76 MP: 13/22
 16985 | Lair:2   | Found a staircase to the Shoals.
 17355 | Lair:3   | Reached skill level 1 in Conjurations
 17532 | Lair:3   | Reached skill level 12 in Maces & Flails
 18983 | Lair:3   | You fall into a shaft and drop 2 floors!
 19276 | Lair:5   | Reached ** piety under Vehumet
 19492 | Lair:4   | Noticed a seven-headed hydra
 19505 | Lair:5   | Killed a seven-headed hydra
 19505 | Lair:5   | Reached skill level 10 in Fighting
 19751 | Lair:4   | Noticed a death yak
 19752 | Lair:4   | Noticed a death yak
 19753 | Lair:4   | Noticed a death yak
 19753 | Lair:4   | Noticed a death yak
 19753 | Lair:4   | Noticed a death yak
 19754 | Lair:4   | Noticed Josephine
 19754 | Lair:4   | Noticed a death yak
 19761 | Lair:4   | Offered knowledge of Magic Dart by Vehumet.
 20375 | Lair:3   | Noticed a six-headed hydra
 20389 | Lair:3   | Killed a six-headed hydra
 20873 | Lair:4   | Noticed a four-headed hydra
 20882 | Lair:4   | Killed a four-headed hydra
 20893 | Lair:4   | Reached skill level 13 in Maces & Flails
 21136 | Lair:4   | Identified a scroll of acquirement
 21197 | Lair:4   | Killed Josephine
 21197 | Lair:4   | Reached XP level 13. HP: 50/83 MP: 23/23
 21233 | Lair:4   | HP: 2/83 [wraith[Josephine] (9)]
 21245 | Lair:4   | Slain by a komodo dragon

Levels and vault maps discovered:
D:1:      minmay_arrival_checkered_box, layout_loops_cross, minmay_octomino_e4
D:2:      layout_loops_corners, uniq_jessica
D:3:      layout_basic
D:4:      layout_cave_pools, serial_shops, shop_fountains,
          nicolae_shop_waterfront, kennysheep_mini_moat, shop,
          serial_bayou_pond_a, kennysheep_pointless_box
D:5:      layout_cave_pools, minmay_temple_entry_drinking_statues, serial_shops,
          nicolae_shop_stone, first_ration, minmay_misc_feat_tower,
          minmay_misc_feat_rows
D:6:      layout_basic, lemuel_doored_altar, old_standard_altar,
          old_standard_altar, serial_shops, nicolae_shop_crystal,
          ebering_ghost_disaster_area
D:7:      layout_basic, slow_altar_2, serial_shops, shop, uniq_menkaure
D:8:      layout_rooms, overflow_temple_1_default, due_lair_maze_entry_diamond,
          gammafunk_ghost_wrathful_warriors, grunt_ogre_cave, uniq_psyche,
          uniq_maurice
D:9:      cheibrodos_steamvent, layout_long_grid,
          gammafunk_temple_overflow_arena, chequers_avenue, uniq_joseph,
          uniq_erica
Temple:   nicolae_temple_great_sept
Lair:1:   layout_regular_city, beast_lair_carwin_2
Lair:2:   layout_misc_corridors, minmay_shoals_entry_lonely_mermaid,
          dummy_snake_entry
Lair:3:   layout_roguey, minmay_lair_oklob_chamber
Lair:4:   layout_gridlike, infiniplex_staircase_pool, uniq_josephine
Lair:5:   layout_hall_layers, beast_lair_carwin_3, serial_bayou_shore_b,
          serial_bayou_shore_b

Skill      XL: |  1  2  3  4  5  6  7  8  9 10 11 12 |
---------------+-------------------------------------+-----
Earth Magic    | 4 5 6 7 8 9 10 11 12 | 12.8
Maces & Flails | 1 2 3 4 5 6 8 10 11 13 | 13.2
Fighting       | 1 2 3 4 5 6 8 9 10 | 10.6
Spellcasting   | 3 4 5 7 |  7.0
Conjurations   | 4 |  4.9
Dodging        | |  1.5
Stealth        | |  2.1
Transmutations | |  0.7

Action                   |  1- 3 |  4- 6 |  7- 9 | 10-12 | 13-15 || total
-------------------------+-------+-------+-------+-------+-------++-------
Melee: Club              |   171 |   300 |   118 |       |       ||   589
       Unarmed           |     6 |       |       |       |       ||     6
       Flail             |       |       |   205 |       |       ||   205
       Dire flail        |       |       |    65 |   406 |    26 ||   497
Throw: Stone             |       |     1 |     1 |       |       ||     2
 Cast: Sandblast         |     9 |    51 |    35 |    81 |     8 ||   184
       Passwall          |       |     1 |       |     4 |       ||     5
       Lee's Rapid Decon |       |       |     9 |    11 |       ||    20
       Stone Arrow       |       |       |       |    42 |       ||    42
Evoke: Wand              |       |       |     4 |    11 |       ||    15
  Use: Potion            |       |     1 |       |     3 |     1 ||     5
       Scroll            |       |       |    13 |    10 |     1 ||    24
 Stab: Sleeping          |     2 |       |     1 |     2 |       ||     5
  Eat: Chunk             |     4 |    12 |    21 |    26 |       ||    63
       Ration            |       |       |       |     3 |       ||     3
Armor: Robe              |    80 |   159 |   199 |   221 |    11 ||   670
Dodge: Dodged            |   156 |   261 |   247 |   262 |    10 ||   936
